 Dungeon Crawl Stone Soup version 0.21-a0-151-ga4fe563 (webtiles) character file.

3319 Deeps the Cleaver (level 9, -2/79 HPs)
             Began as a Minotaur Fighter on July 30, 2017.
             Slain by an orc warrior
             ... wielding a +0 glaive
              (12 damage)
             ... on level 6 of the Dungeon.
             The game lasted 00:20:22 (6207 turns).

Deeps the Cleaver (Minotaur Fighter)                Turns: 6207, Time: 00:20:23

Health: -2/79      AC: 13    Str: 25    XL:     9   Next: 71%
Magic:  0/8        EV:  6    Int:  5    God:
Gold:   110        SH: 11    Dex:  9    Spells: 8/8 levels left

rFire    x . .     SeeInvis .   a - +0 war axe
rCold    + . .     Gourm    .   c - +0 shield
rNeg     . . .     Faith    .   m - +1 plate armour
rPois    .         Spirit   +   (helmet restricted)
rElec    .         Reflect  .   q - +0 cloak
rCorr    .         Harm     .   w - +0 pair of gloves
MR       .....                  y - +2 pair of boots {Stlth+}
Stlth    ..........             u - amulet of guardian spirit
HPRegen  0.23/turn              p - ring of ice
MPRegen  0.11/turn              (no ring)

@: corroded
A: retaliatory headbutt, horns 2, blink, blurry vision 1
a: Blink


You were on level 6 of the Dungeon.
You were not hungry.

You visited 2 branches of the dungeon, and saw 7 of its levels.

You collected 336 gold pieces.
You spent 226 gold pieces at shops.

Inventory:

Hand Weapons
 a - a +0 war axe (weapon)
 n - the +9 staff of Olgreb {rPois}
   (You found it on level 5 of the Dungeon)

   It protects you from poison.
Armour
 b - a +0 scale mail
 c - a +0 shield (worn)
 m - a +1 plate armour (worn)
 q - a +0 cloak (worn)
 w - a +0 pair of gloves (worn)
 y - a +2 pair of boots of stealth (worn)
Jewellery
 p - a ring of ice (left hand)
 u - an amulet of guardian spirit (around neck)
Wands
 v - a wand of lightning (11/15)
 D - a wand of polymorph (18/24)
Scrolls
 e - 2 scrolls of identify
 j - a scroll of fear
 k - 2 scrolls of teleportation
 l - a scroll of blinking {unknown}
 o - a scroll of recharging
 r - a scroll of enchant armour
 s - a scroll of torment
 t - a scroll of fog
 z - a scroll of amnesia {unknown}
Potions
 d - a potion of might
 g - a potion of agility
 h - 2 potions of flight
 B - a potion of brilliance {unknown}
 C - a potion of haste {unknown}
Books
 x - a book of Misfortune

   Spells                             Type                      Level
   a - Confusing Touch                Hexes                        1
   b - Confuse                        Hexes                        3
   c - Gell's Gravitas                Translocation                3
   d - Petrify                        Transmutation/Earth          4
   e - Metabolic Englaciation         Hexes/Ice                    5
   f - Yara's Violent Unravelling     Hexes/Transmutation          5
Comestibles
 f - 4 bread rations
 i - a fruit
 A - a royal jelly


   Skills:
 + Level 7.3 Fighting
 * Level 10.7 Axes
 + Level 8.5 Armour
 - Level 1.4 Dodging
 - Level 8.3 Shields
 + Level 0.3 Evocations


You had 8 spell levels left.
You didn't know any spells.

Dungeon Overview and Level Annotations

Branches:
Dungeon (6/15)             Temple (1/1) D:4

Altars:
Ashenzari
Cheibriados
Dithmenos
Fedhas
Gozag
Hepliaklqana
Kikubaaqudgha
Makhleb
Nemelex Xobeh
Qazlal
Ru
Trog
Vehumet
Xom
Zin
Jiyva

Shops:
D:4 *(   D:6 *

Annotations:
D:5 1 runed door


Innate Abilities, Weirdness & Mutations

You reflexively headbutt those who attack you in melee.
You have a pair of horns on your head.
You can translocate small distances at will.
Scrolls take you a little longer to read.


Message History

You slash the orc warrior!
The orc warrior is moderately wounded.
You slash the orc warrior!
The orc warrior is heavily wounded.
You block the orc warrior's attack.
You closely miss the orc warrior.
The orc warrior is heavily wounded.
The orc warrior hits you with a glaive!
* * * LOW HITPOINT WARNING * * *
You completely miss the orc warrior.
The orc warrior is heavily wounded.
The orc warrior completely misses you.
You hit the orc warrior but do no damage.
The orc warrior is heavily wounded.
The orc warrior barely misses you.
You hit the orc warrior but do no damage.
You headbutt the orc warrior, but do no damage.
The orc warrior is heavily wounded.
The orc warrior hits you with a glaive!
You die...

#####.# .. #
###.#####.##..#<... #
#...........#.#...####. #
#.#.#######.#.#........
###.#.........#.#........
.................).......
..#.#.........#..........
...............)#.[......
..#.............@o.......
#####.........###........
.####.........# #........
.#............# #........
.##....######## #........
.##....# .........
.###...# .........
##.....# ........(
.#.#...###


You could see an orc warrior.

Vanquished Creatures
  The ghost of heteroy the Conjurer, a novice DEWz (D:6)
  Eustachio (D:5)
  Duvessa (D:5)
  2 water moccasins (D:5)
  4 soldier ants (D:5)
  A sky beast (D:6)
  An ice beast (D:5)
  A phantom (D:5)
  2 ogres
  A centaur (D:6)
  Dowan (D:5)
  3 scorpions
  9 killer bees (D:5)
  3 wights (D:4)
  A crimson imp (D:6)
  A quasit (D:6)
  A jelly (D:6)
  4 hounds
  Crazy Yiuf (D:2)
  2 orc wizards
  Jessica (D:2)
  2 iguanas
  14 worker ants
  Robin (D:2)
  11 adders
  2 oozes
  3 worms
  3 dart slugs
  3 leopard geckos
  13 orcs
  6 bats
  7 giant cockroaches
  21 goblins
  9 hobgoblins
  3 jackals (D:2)
  4 quokkas
  A ball python (D:2)
  7 frilled lizards
  2 jackal skeletons
  6 kobolds
  A quokka skeleton (D:5)
  8 rats
169 creatures vanquished.

Notes
Turn   | Place    | Note
-------+----------+-------------------------------------------
     0 | D:1      | Deeps the Minotaur Fighter began the quest for the Orb.
     0 | D:1      | Reached XP level 1. HP: 19/19 MP: 0/0
    47 | D:1      | Reached XP level 2. HP: 27/27 MP: 1/1
   295 | D:1      | Reached skill level 3 in Axes
   503 | D:2      | Noticed Jessica
   505 | D:2      | Reached XP level 3. HP: 32/33 MP: 2/2
   511 | D:2      | Noticed Robin
   511 | D:2      | Killed Jessica
   512 | D:2      | Reached skill level 4 in Axes
   512 | D:2      | Reached XP level 4. HP: 36/40 MP: 3/3
   539 | D:2      | Killed Robin
   892 | D:2      | Found a runed door.
  1077 | D:2      | Noticed Crazy Yiuf
  1082 | D:2      | Killed Crazy Yiuf
  1082 | D:2      | Reached XP level 5. HP: 29/46 MP: 4/4
  1254 | D:3      | Found a hazy altar of Hepliaklqana.
  1383 | D:3      | Reached skill level 5 in Axes
  1661 | D:3      | Found a stormy altar of Qazlal.
  1998 | D:4      | Found Claox's Commerce Corner.
  1999 | D:4      | Noticed an ogre
  2006 | D:4      | Killed an ogre
  2006 | D:4      | Reached skill level 5 in Shields
  2006 | D:4      | Reached XP level 6. HP: 53/53 MP: 5/5
  2069 | D:4      | Found an opulent altar of Gozag.
  2113 | D:4      | Found a burning altar of Makhleb.
  2135 | D:4      | Found Pagi's Antique Weapon Shop.
  2167 | D:4      | Reached skill level 5 in Armour
  2184 | D:4      | Reached skill level 6 in Axes
  2228 | D:4      | Found a staircase to the Ecumenical Temple.
  2252 | Temple   | Entered the Ecumenical Temple
  2494 | D:4      | Reached XP level 7. HP: 60/60 MP: 6/6
  2595 | D:4      | Reached skill level 7 in Axes
  2811 | D:5      | Entered Level 5 of the Dungeon
  2875 | D:5      | Noticed Eustachio
  2914 | D:5      | Killed Eustachio
  2914 | D:5      | Reached skill level 5 in Fighting
  2988 | D:5      | Found a runed door.
  2993 | D:5      | Found a runed gate.
  2994 | D:5      | Found a runed door.
  3067 | D:5      | Found a runed gate.
  3067 | D:5      | Found a runed gate.
  3161 | D:5      | Noticed Duvessa
  3162 | D:5      | Noticed Dowan
  3170 | D:5      | Killed Duvessa
  3170 | D:5      | Reached skill level 8 in Axes
  3170 | D:5      | Reached XP level 8. HP: 30/69 MP: 7/7
  3174 | D:5      | Killed Dowan
  3646 | D:5      | Reached skill level 9 in Axes
  4622 | D:5      | Found an ancient bone altar of Kikubaaqudgha.
  4695 | D:5      | Reached XP level 9. HP: 47/78 MP: 8/8
  4936 | D:5      | Reached skill level 1 in Dodging
  5532 | D:6      | Noticed heteroy's ghost (novice DEWz)
  5543 | D:6      | Killed heteroy's ghost
  5543 | D:6      | Reached skill level 10 in Axes
  5634 | D:6      | Found Uromp's Assorted Antiques.
  5667 | D:6      | Bought a lumpy yellow potion for 24 gold pieces
  5667 | D:6      | Bought a pair of runed boots for 202 gold pieces
  5673 | D:6      | Gained mutation: Scrolls take you a little longer to read. [potion of mutation]
  5673 | D:6      | Gained mutation: You can translocate small distances at will. [potion of mutation]
  6139 | D:6      | Found a blossoming altar of Fedhas.
  6207 | D:6      | Slain by an orc warrior

Vault maps used:
D:1:      shiori_shiawase
D:2:      uniq_robin, uniq_jessica, uniq_crazy_yiuf_cottage
D:3:      grunt_qazlal_clouds, lemuel_crystal_altar, kennysheep_flooded_box
D:4:      bloody_makhleb, nicolae_gozag_seed_capital, minmay_temple_entry_mist,
          first_bread, serial_shops, nicolae_shop_statue_plus,
          nicolae_alphabet_shops, minivault_26
D:5:      kennysheep_mini_moat, minmay_guarded_unrand_staff_of_olgreb,
          uniq_duvessa, uniq_eustachio
D:6:      kennysheep_little_box, serial_shops, shop,
          minmay_misc_feat_more_columns, okawaru_metal_pillars_1_2
Temple:   pf_slime_end_temple

Skill      XL: |  1  2  3  4  5  6  7  8  9 |
---------------+----------------------------+-----
Axes           | 3 4 5 6 8 9 10 | 10.7
Shields        | 4 5 6 7 8 |  8.3
Armour         | 4 5 7 8 |  8.5
Fighting       | 4 5 6 7 |  7.3
Dodging        | 1 |  1.4
Evocations     | |  0.3

Action                   |  1- 3 |  4- 6 |  7- 9 || total
-------------------------+-------+-------+-------++-------
Melee: War axe           |    54 |   180 |   382 ||   616
       Headbutt          |     7 |    37 |    55 ||    99
Evoke: Wand              |       |     1 |       ||     1
  Use: Scroll            |       |     7 |     9 ||    16
       Potion            |       |     5 |     5 ||    10
  Eat: Chunk             |       |     3 |     2 ||     5
       Bread ration      |       |     1 |     2 ||     3
Armor: Scale mail        |    21 |       |       ||    21
       Plate armour      |    18 |    96 |   229 ||   343
Dodge: Dodged            |    22 |    38 |    82 ||   142
Block: Shield            |    42 |    96 |   226 ||   364
